 Dungeon Crawl Stone Soup version 0.30-a0-718-geaa24f58ff (webtiles) character file.

Game seed: 11399503790801550170

342705 Dittersdorf the Slayer (level 22, -10/160 HPs)
             Began as a Gargoyle Fighter on Jan 24, 2023.
             Was the Champion of Okawaru.
             Mangled by a white very ugly thing (35 damage)
             ... on level 3 of the Depths on Jan 25, 2023.
             The game lasted 01:29:28 (39674 turns).

Dittersdorf the Slayer (Gargoyle Fighter)          Turns: 39674, Time: 01:29:29

Health: -10/160    AC: 71    Str: 27    XL:     22   Next: 4%
Magic:  22/22      EV:  9    Int: 19    God:    Okawaru [******]
Gold:   4885       SH: 18    Dex: 11    Spells: 17/21 levels left

rFire   + . .      SeeInvis +    y - +7 eveningstar (venom)
rCold   . . .      Faith    .    u - +1 kite shield {rF+}
rNeg    + . .      Spirit   .    E - +8 orange crystal plate armour {Archmagi, Int+3 Clar}
rPois   ∞          Reflect  .    k - +2 helmet {SInv}
rElec   +          Harm     .    m - +1 cloak "Biecuud" {Will+ Int+3 Slay+3 Stlth+}
rCorr   .          Rampage  .    q - +0 pair of gloves {Stlth+}
Will    +++++      Archmagi +    S - +0 pair of boots "Ymicw" {Will++ Int+2} Stlth Clarity +
                                 l - amulet of Vitality {RegenMP++ Regen++}
HPRegen 2.86/turn                R - ring "Jythoohe" {rElec AC+4 SInv}
MPRegen 0.98/turn                z - ring of willpower

@: heroic, flying, studying Throwing
A: sickness immunity, AC +16, big wings, negative energy resistance 1,
electricity resistance, torment resistance 1, petrification resistance, hooves
1, regeneration 1
}: 2/15 runes: barnacled, gossamer
a: Renounce Religion, Heroism, Finesse, Duel


You were on level 3 of the Depths.
You worshipped Okawaru.
Okawaru was exalted by your worship.
You visited 8 branches of the dungeon, and saw 38 of its levels.
You visited the Abyss 1 time.
You also visited: Sewer, Ossuary, Ice Cave and Wizlab.

You collected 5102 gold pieces.
You spent 217 gold pieces at shops.

Inventory:

Hand Weapons
 y - a +7 eveningstar of venom (weapon)
Missiles
 F - 2 throwing nets (quivered)
Armour
 k - a +2 helmet of see invisible (worn)
 m - the +1 cloak "Biecuud" (worn) {Will+ Int+3 Slay+3 Stlth+}
   (Okawaru gifted it to you on level 4 of the Lair of Beasts)

   Int:       It affects your intelligence (+3).
   Slay:      It affects your accuracy & damage with ranged weapons and melee
   (+3).
   Will:      It increases your willpower.
   Stlth:     It makes you more stealthy.
 q - a +0 pair of gloves of stealth (worn)
 r - +2 fire dragon scales {Xtahua}
 u - a +1 kite shield of fire resistance (worn)
 E - the +8 orange crystal plate armour (worn) {Archmagi, Int+3 Clar}
   (You acquired it on level 1 of the Lair of Beasts)

   Int:       It affects your intelligence (+3).
   Clar:      It protects you against confusion.
 S - the +0 pair of boots "Ymicw" (worn) {Will++ Int+2}
   (Okawaru gifted it to you on level 1 of the Depths)

   Int:       It affects your intelligence (+2).
   Will:      It greatly increases your willpower.
Jewellery
 l - the amulet of Vitality (around neck) {RegenMP++ Regen++}
   (You acquired it on level 3 of the Dungeon)

   [amulet of magic regeneration]

   It increases your rate of magic regeneration.
   Regen:     It increases your rate of health regeneration.
 o - a ring of ice
 z - a ring of willpower (right hand)
 C - the amulet of Moxaopygi {Faith Will+}
   (You took it off a deep elf death mage on level 3 of the Elven Halls)

   [amulet of faith]

   It allows you to gain divine favour quickly.
   Will:      It increases your willpower.
 I - a ring of positive energy
 N - a ring of resist corrosion
 Q - the ring "Etuc" {Fire rElec rN+ Int+3}
   (You took it off a deep elf demonologist on level 3 of the Elven Halls)

   [ring of fire]

   It enhances your fire magic.
   Int:       It affects your intelligence (+3).
   rF:        It protects you from fire.
   rC:        It makes you vulnerable to cold.
   rElec:     It insulates you from electricity.
   rN:        It protects you from negative energy.
 R - the ring "Jythoohe" (left hand) {rElec AC+4 SInv}
   (You found it on level 4 of the Shoals)

   [ring of protection]

   AC:        It affects your AC (+4).
   rElec:     It insulates you from electricity.
   SInv:      It lets you see invisible.
Wands
 A - a wand of light (17)
 K - a wand of digging (1)
Scrolls
 c - 19 scrolls of identify
 f - 26 scrolls of teleportation
 i - 9 scrolls of enchant armour
 j - 11 scrolls of fog
 v - 2 scrolls of fear
 w - 5 scrolls of blinking
 x - 2 scrolls of enchant weapon
 H - 5 scrolls of poison
 P - 2 scrolls of silence
Potions
 a - 5 potions of brilliance
 b - 2 potions of magic
 d - 9 potions of might
 e - 11 potions of heal wounds
 g - 8 potions of curing
 h - 13 potions of cancellation
 p - 11 potions of haste
 s - 3 potions of invisibility
 t - 14 potions of mutation
 B - 3 potions of berserk rage
 D - 14 potions of ambrosia
 O - 3 potions of resistance
Miscellaneous
 n - a piece from Xom's chessboard (15/15)


   Skills:
 + Level 23.3(27) Fighting
 + Level 19.9(24.9) Maces & Flails
 + Level 21.5(26.5) Armour
 + Level 21.6(26.6) Shields


You had 17 spell levels left.
You knew the following spells:

 Your Spells              Type           Power      Damage    Failure   Level
a - Passwall              Tmut/Erth      0%         N/A       90%         2
b - Blink                 Tloc           0%         N/A       90%         2

Your spell library contained the following spells:

 Spells                   Type           Power      Damage    Failure   Level
 Apportation              Tloc           0%         N/A       80%         1
 Kiss of Death            Conj/Necr      0%         2d5       80%         1
 Magic Dart               Conj           0%         1d3       80%         1
 Necrotise                Necr           0%         1d4       80%         1
 Slow                     Hex            0%         N/A       80%         1
 Sting                    Tmut/Pois      0%         1d3       80%         1
 Ensorcelled Hibernation  Hex/Ice        0%         N/A       90%         2
 Lesser Beckoning         Tloc           0%         N/A       90%         2
 Momentum Strike          Conj/Tloc      0%         3d8       90%         2
 Poisonous Vapours        Pois/Air       0%         N/A       90%         2
 Searing Ray              Conj           0%         2d4       90%         2
 Confusing Touch          Hex            0%         N/A       99%         3
 Portal Projectile        Hex/Tloc       0%         N/A       99%         3
 Swiftness                Air            0%         N/A       99%         3
 Vampiric Draining        Necr           0%         2d6       99%         3
 Cause Fear               Hex            0%         N/A       100%        4
 Dispel Undead            Necr           0%         3d6       100%        4
 Leda's Liquefaction      Hex/Erth       0%         N/A       100%        4
 Manifold Assault         Tloc           0%         N/A       100%        4
 Olgreb's Toxic Radiance  Pois           0%         N/A       100%        4
 Passage of Golubria      Tloc           0%         N/A       100%        4
 Blade Hands              Tmut           0%         N/A       100%        5
 Fireball                 Conj/Fire      0%         3d3       100%        5
 Irradiate                Conj/Tmut      0%         3d11      100%        5
 Iskenderun's Battlesphe  Conj           0%         2d6       100%        5
 Lee's Rapid Deconstruct  Erth           0%         3d4*      100%        5
 Lightning Bolt           Conj/Air       0%         1d11      100%        5
 Yara's Violent Unravell  Hex/Tmut       0%         3d3       100%        5
 Conjure Ball Lightning   Conj/Air       0%         3x3d6     100%        6
 Iron Shot                Conj/Erth      0%         9d1       100%        6
 Dragon Form              Tmut           0%         N/A       100%        7
 Orb of Destruction       Conj           0%         9d5       100%        7
 Storm Form               Tmut/Air       0%         N/A       100%        7
 Maxwell's Capacitive Co  Air            0%         ∞         100%        8
 Summon Small Mammal      Summ           Unusable   N/A       N/A         1
 Call Canine Familiar     Summ           Unusable   N/A       N/A         3
 Tukima's Dance           Hex            Unusable   N/A       N/A         3
 Summon Lightning Spire   Summ/Air       Unusable   N/A       N/A         4
 Statue Form              Tmut/Erth      Unusable   N/A       N/A         6
 Dragon's Call            Summ           Unusable   N/A       N/A         9

Dungeon Overview and Level Annotations

Branches:
Dungeon (15/15)            Temple (1/1) D:5            Lair (5/5) D:10
 Shoals (4/4) Lair:2       Spider (4/4) Lair:3        Slime (0/5) Lair:5
    Orc (2/2) D:9             Elf (3/3) Orc:2        Vaults (0/5) D:14
 Depths (4/4) D:15          Sewer (visited)         Ossuary (visited)
  IceCv (visited)          WizLab (visited)
    Zot: Depths:4

Altars:
Ashenzari
Cheibriados
Dithmenos
Elyvilon
Fedhas
Gozag
Hepliaklqana
Kikubaaqudgha
Makhleb
Nemelex Xobeh
Okawaru
Qazlal
Ru
Sif Muna
Trog
Uskayaw
Vehumet
Wu Jian
Xom
Yredelemnul
Zin
The Shining One
Jiyva

Shops:
Orc:1 [   Orc:2 *:[(   Elf:2 =   Shoals:1 *

Portals:
Hell: Depths:1 Depths:2 Depths:3
Abyss: Depths:2 Depths:3
Pandemonium: Depths:2
Ziggurat: Depths:1


Innate Abilities, Weirdness & Mutations

You are immune to sickness and miasma.
Your stone body is resilient. (AC +16)
You are immune to poison.
Your large and strong wings let you fly.
You resist negative energy. (rN+)
You are resistant to electric shocks. (rElec)
You are resistant to unholy torment.
You are immune to petrification.
You have large cloven feet.
Your natural rate of healing is unusually fast.


Message History

You block the deep troll shaman's attack.
The deep troll shaman claws you but does no damage.
The spriggan berserker hits you but does no damage.
The deep troll shaman bites you!
* * * LOW HITPOINT WARNING * * *
The deep troll shaman barely misses you.
The deep troll shaman claws you but does no damage.
The white very ugly thing bites you but does no damage.
You barely miss the deep troll shaman.
You block the spriggan berserker's attack.
The deep troll shaman bites you!
* * * LOW HITPOINT WARNING * * *
You block the deep troll shaman's attack.
The deep troll shaman claws you but does no damage.
The deep troll shaman bites you.
* * * LOW HITPOINT WARNING * * *
You block the deep troll shaman's attack.
The deep troll shaman claws you but does no damage.
The deep troll shaman bites you!
* * * LOW HITPOINT WARNING * * *
The deep troll shaman claws you but does no damage.
You block the deep troll shaman's attack.
You feel much better.
The spriggan berserker hits you but does no damage.
You block the white very ugly thing's attack.
The deep troll shaman completely misses you.
The deep troll shaman barely misses you. x2
The deep troll shaman bites you!!
* * * LOW HITPOINT WARNING * * *
You block the deep troll shaman's attack.
The deep troll shaman claws you but does no damage.
The deep troll shaman bites you but does no damage.
The deep troll shaman claws you but does no damage.
The deep troll shaman barely misses you.
You feel much better.
You block the spriggan berserker's attack.
The white very ugly thing bites you.
* * * LOW HITPOINT WARNING * * *
The white very ugly thing freezes you!!
You die...

......#####.......#
.........###..#...##
....#######........#
....#....(#........#
#...'~~~~~#........#
....#....(#..[.....#
....#######......###
........##.≈≈§[u.i.#
..............)†@T##
#..............T[T#
##<.......#....[..#
##.....######..#..#
.#.....# #.#####
.####### ### ## .###
...#


You could see a white very ugly thing (very poisoned), a spriggan berserker
(berserk) and 3 deep troll shamans.

Vanquished Creatures
  Mara (Depths:3)
  Bai Suzhen (Elf:2)
  Xtahua (Depths:3)
  Arachne (Spider:2)
  A bone dragon (Abyss:3)
  Cloud Mage (WizLab)
  A tentacled monstrosity (Depths:3)
  A walking crystal tome (Depths:2)
  3 liches
  3 deep elf blademasters
  2 deep elf master archers
  The ghost of Polaczum the Brawler, an adept TrMo of Nemelex Xobeh (Depths:3)
  A tentacled starspawn (Abyss:3)
  A shadow dragon (Depths:3)
  Roxanne (Elf:2)
  3 fire giants
  An iron dragon (Depths:2)
  4 emperor scorpions
  8 frost giants
  5 ghost moths
  A balrug (Depths:2)
  The ghost of avis the Spry, a journeyman DgHu (Shoals:2)
  6 deep elf sorcerers
  4 deep elf elementalists
  Louise (Elf:2)
  An orc warlord (Orc:2)
  A juggernaut zombie (Abyss:3)
  2 reapers
  4 very ugly things
  2 broodmothers
  10 stone giants
  4 deep elf demonologists
  A vampire knight (Depths:3)
  Azrael (Spider:1)
  10 spark wasps
  9 deep elf annihilators
  3 dire elephants (Lair:5)
  Snorg (D:13)
  2 eidola (Abyss:3)
  5 merfolk javelineers
  6 ettins
  7 deep elf death magi
  2 blizzard demons (WizLab)
  4 ice dragons
  Fannar (Lair:1)
  7 fire dragons
  12 merfolk impalers
  2 deep elf high priests
  A rakshasa (Depths:1)
  2 entropy weavers
  3 spriggan air magi
  A caustic shrike simulacrum (Depths:2)
  A jorogumo (Spider:4)
  7 hydras
  4 merfolk avatars
  4 radroaches
  7 centaur warriors
  Harold (Lair:1)
  5 boulder beetles
  2 merfolk aquamancers (Shoals:4)
  Erica (Lair:1)
  11 two-headed ogres
  27 dancing weapons
  4 alligator snapping turtles
  2 deep troll shamans
  A death scarab (Spider:3)
  11 death yaks
  3 satyrs
  6 tengu warriors
  2 deep troll earth magi (Depths:3)
  7 spriggan berserkers
  5 thrashing horrors (Abyss:3)
  6 orc high priests
  2 iron trolls
  5 shock serpents (WizLab)
  21 deep elf knights
  8 hell knights
  A fire crab (shapeshifter) (D:14)
  A wretched star (Abyss:3)
  A spectral death yak (Lair:5)
  5 skeletal warriors
  A salamander mystic (Depths:3)
  A large abomination (Abyss:3)
  2 sun moths
  5 pharaoh ants
  10 sea snakes
  A flayed ghost (Depths:2)
  A spark wasp zombie (Depths:1)
  A wizard (Depths:2)
  3 glowing orange brains
  6 deep trolls
  13 deep elf archers
  A spectral anaconda (Lair:5)
  5 death drakes
  An obsidian statue (Lair:5)
  A golden dragon skeleton (D:15)
  13 orb spiders
  A sphinx zombie (Depths:1)
  20 wolf spiders
  27 deep elf pyromancers
  5 orc knights
  7 necromancers
  2 frost giant zombies (D:15)
  2 phantasmal warriors
  28 harpies
  2 oklob plants
  A wolf spider (shapeshifter) (D:15)
  16 manticores
  7 steelbarb worms
  2 salamanders (Depths:3)
  14 ugly things
  14 fauns
  26 deep elf zephyrmancers
  2 orc sorcerers (Orc:2)
  4 cyclopes
  A sphinx skeleton (Depths:2)
  3 water nymphs
  A dire elephant zombie (Lair:5)
  12 elephants
  5 moths of wrath
  5 torpor snails
  9 merfolk sirens
  5 demonic crawlers
  9 apocalypse crabs
  6 black mambas
  2 ice statues (IceCv)
  A dire elephant skeleton (Lair:5)
  13 cane toads
  The ghost of flotson the Sneak, a novice DsDe (D:6)
  2 gargoyles
  An orange demon (Abyss:3)
  A rime drake (shapeshifter) (Elf:2)
  A spark wasp simulacrum (Depths:2)
  A kobold demonologist (D:11)
  2 unseen horrors
  2 anaconda simulacra (IceCv)
  2 rime drakes
  5 ice devils (IceCv)
  5 komodo dragons
  A freezing wraith (D:14)
  A yaktaur (shapeshifter) (D:14)
  2 efreet
  2 ancient zymes (Abyss:3)
  A hydra zombie (Abyss:3)
  A tengu conjurer (Depths:1)
  A troll (shapeshifter) (D:13)
  21 merfolk
  A hellwing (Abyss:3)
  A queen bee (Spider:2)
  9 meliai
  A merfolk (shapeshifter) (Depths:3)
  A wind drake (shapeshifter) (Elf:3)
  8 trolls
  42 tarantellas
  12 hornets
  A golden dragon simulacrum (Depths:1)
  7 wind drakes
  A dream sheep (shapeshifter) (D:15)
  9 blink frogs
  2 dream sheep (Shoals:2)
  A spriggan zombie (D:15)
  35 jumping spiders
  A shadow (D:12)
  7 slime creatures
  17 snapping turtles
  A spriggan (Depths:1)
  6 water elementals
  8 air elementals
  21 culicivoras
  4 wraiths
  7 wyverns
  A ynoxinul (Abyss:3)
  4 fire elementals
  A hog (shapeshifter) (Elf:3)
  3 steam dragons
  A human (shapeshifter) (D:14)
  3 basilisks
  43 yaks
  3 wargs
  44 redbacks
  5 harpy simulacra (IceCv)
  A neqoxec (Abyss:3)
  3 death yak simulacra
  10 vampire mosquitoes
  3 hydra simulacra (IceCv)
  4 acid dragons
  4 hell hounds (Spider:1)
  22 water moccasins
  A floating eye (Depths:1)
  A swamp drake (shapeshifter) (D:15)
  38 orc warriors
  3 black bears
  An elephant zombie (Lair:5)
  4 centaurs
  17 wolves
  2 elephant skeletons (Lair:5)
  5 ogres
  A phantom (D:5)
  2 small abominations (Abyss:3)
  2 kobold brigands
  A necrophage (D:6)
  6 bullfrogs
  A two-headed ogre simulacrum (IceCv)
  A gnoll sergeant (D:10)
  A scorpion (D:5)
  A cane toad simulacrum (Lair:5)
  2 earth elementals
  3 wights (D:7)
  An oklob sapling (D:13)
  26 killer bees
  An elephant simulacrum (IceCv)
  6 electric eels
  3 crimson imps (Depths:1)
  7 hounds
  11 jellies
  27 orc priests
  2 iguanas (D:5)
  18 orc wizards
  9 hell rats
  A troll simulacrum (IceCv)
  9 mummies
  4 gnolls (D:10)
  12 adders
  2 river rats (Sewer)
  A shadow imp (D:6)
  3 ufetubi
  9 worms
  3 dart slugs
  90 orcs
  6 bats
  6 endoplasms
  2 giant cockroaches
  2 goblins (D:4)
  8 hobgoblins
  2 jackals (D:13)
  16 kobolds
  3 quokkas
  16 ball pythons
  2 frilled lizards
  2 gnoll zombies (Ossuary)
  2 goblin zombies (D:6)
  A hobgoblin zombie (Ossuary)
  3 kobold zombies (Ossuary)
  2 orc zombies (Ossuary)
  6 rats
1464 creatures vanquished.

Vanquished Creatures (others)
  A blizzard demon (WizLab)
  A ghost crab (WizLab)
  3 deep elf knights
  A faun (Shoals:4)
  A deep elf zephyrmancer (Elf:3)
  A large abomination (Abyss:3)
  A cane toad (Lair:5)
  2 dream sheep (Shoals:2)
  A redback (Spider:4)
  An orc wizard (D:4)
  An orc (Orc:1)
  A bush (Lair:4)
  34 fungi
  A lurking horror (Abyss:3)
  223 plants
  5 starspawn tentacles (Abyss:3)
  24 withered plants
302 creatures vanquished.

Grand Total: 1766 creatures vanquished

Notes
Turn   | Place    | Note
-------+----------+-------------------------------------------
     0 | D:1      | Dittersdorf the Gargoyle Fighter began the quest for the
                  | Orb.
     0 | D:1      | Reached XP level 1. HP: 14/14 MP: 1/1
   226 | D:1      | Reached XP level 2. HP: 16/19 MP: 2/2
   890 | D:2      | Reached XP level 3. HP: 22/23 MP: 3/3
  1751 | D:3      | Identified 3 scrolls of acquirement
  1753 | D:3      | Acquired the amulet of Vitality {RegenMP++ Regen++}
  1753 | D:3      | Found the amulet of Vitality {RegenMP++ Regen++}
  1760 | D:3      | Acquired a manual of Fighting
  1762 | D:3      | Acquired 765 gold pieces
  2270 | D:3      | Reached skill level 4 in Fighting
  2270 | D:3      | Reached XP level 4. HP: 29/29 MP: 4/4
  2391 | D:3      | Found a glowing drain.
  2401 | Sewer    | Entered a sewer
  2618 | Sewer    | Reached XP level 5. HP: 34/34 MP: 5/5
  2695 | Sewer    | Noticed a kobold brigand
  2709 | Sewer    | Killed a kobold brigand
  2710 | Sewer    | Reached skill level 5 in Fighting
  3323 | D:4      | Reached XP level 6. HP: 40/40 MP: 6/6
  3722 | D:4      | Reached skill level 5 in Shields
  3853 | D:5      | Entered Level 5 of the Dungeon
  3863 | D:5      | Reached skill level 6 in Fighting
  3863 | D:5      | Reached skill level 5 in Armour
  3863 | D:5      | Reached XP level 7. HP: 46/46 MP: 7/7
  3888 | D:5      | Found a shadowy altar of Dithmenos.
  4008 | D:5      | Found a staircase to the Ecumenical Temple.
  4017 | Temple   | Entered the Ecumenical Temple
  4173 | Temple   | Became a worshipper of Warmaster Okawaru
  4714 | D:6      | Reached * piety under Okawaru
  4715 | D:6      | Reached skill level 7 in Fighting
  4841 | D:6      | Reached XP level 8. HP: 53/53 MP: 8/8
  4903 | D:6      | Reached skill level 5 in Maces & Flails
  4914 | D:6      | Found a shimmering blue altar of Sif Muna.
  4979 | D:6      | Reached skill level 8 in Fighting
  5003 | D:6      | Reached ** piety under Okawaru
  5031 | D:6      | Found a sand-covered staircase.
  5042 | Ossuary  | Entered an ossuary
  5325 | D:6      | Found a blossoming altar of Fedhas.
  5333 | D:6      | Found a stormy altar of Qazlal.
  5381 | D:6      | Found a glowing golden altar of the Shining One.
  5410 | D:6      | Found a basalt altar of Yredelemnul.
  5412 | D:6      | Noticed a profane servitor
  5465 | D:6      | Found a runed translucent door.
  5469 | D:6      | Noticed flotson's ghost (novice DsDe)
  5720 | D:6      | Identified the +8 trident "Mehem" {freeze, rElec Dex+3}
  5865 | D:6      | Noticed an angel
  5928 | D:6      | Killed flotson's ghost
  5929 | D:6      | Reached skill level 9 in Fighting
  5929 | D:6      | Reached XP level 9. HP: 60/60 MP: 9/9
  6099 | D:7      | Reached *** piety under Okawaru
  6200 | D:7      | Found a bloodstained altar of Trog.
  6421 | D:7      | Found a broken altar of Ashenzari.
  6424 | D:7      | Found a hide-covered altar of Uskayaw.
  6427 | D:7      | Found an ancient bone altar of Kikubaaqudgha.
  6558 | D:8      | Found a sparkling altar of Nemelex Xobeh.
  6584 | D:8      | Reached skill level 10 in Fighting
  6629 | D:8      | Noticed a two-headed ogre
  6639 | D:8      | Killed a two-headed ogre
  6919 | D:8      | Noticed a hornet
  6927 | D:8      | Killed a hornet
  7016 | D:8      | Reached skill level 11 in Fighting
  7016 | D:8      | Reached XP level 10. HP: 67/69 MP: 10/10
  7093 | D:8      | Reached **** piety under Okawaru
  7478 | D:9      | Found a staircase to the Orcish Mines.
  7645 | D:9      | Found a burning altar of Makhleb.
  7666 | D:9      | Noticed a two-headed ogre
  7735 | D:9      | Killed a two-headed ogre
  7736 | D:9      | Reached skill level 12 in Fighting
  7874 | D:9      | Found a shimmering altar of Xom.
  7909 | D:9      | Killed an unseen horror
  7995 | D:9      | Found a radiant altar of Vehumet.
  8153 | D:10     | Entered Level 10 of the Dungeon
  8417 | D:9      | Found a sacrificial altar of Ru.
  8469 | D:9      | Found an ornate altar of the Wu Jian Council.
  8561 | D:10     | Reached ***** piety under Okawaru
  8676 | D:10     | Noticed a gargoyle
  8682 | D:10     | Killed a gargoyle
  8685 | D:10     | Found a staircase to the Lair.
  8859 | D:10     | Reached XP level 11. HP: 42/77 MP: 11/11
  8916 | D:10     | Reached skill level 13 in Fighting
  9011 | D:10     | Noticed a two-headed ogre
  9037 | D:10     | Killed a two-headed ogre
  9129 | D:10     | Received a gift from Okawaru
  9130 | D:10     | Reached skill level 10 in Shields
  9134 | D:10     | Reached skill level 10 in Armour
  9520 | Lair:1   | Entered Level 1 of the Lair of Beasts
  9601 | Lair:1   | Noticed a six-headed hydra
  9613 | Lair:1   | Killed a six-headed hydra
  9633 | Lair:1   | Acquired the +8 orange crystal plate armour {Archmagi,
                  | Int+3 Clar}
  9633 | Lair:1   | Found the +8 orange crystal plate armour {Archmagi, Int+3
                  | Clar}
  9660 | Lair:1   | Noticed Fannar
  9660 | Lair:1   | Noticed Harold
  9680 | Lair:1   | Killed Harold
  9681 | Lair:1   | Reached skill level 14 in Fighting
  9761 | Lair:1   | Killed Fannar
 10013 | Lair:1   | Received a gift from Okawaru
 10080 | Lair:1   | Noticed Erica
 10085 | Lair:1   | Reached XP level 12. HP: 86/86 MP: 12/12
 10121 | Lair:1   | Reached ****** piety under Okawaru
 10132 | Lair:1   | Killed Erica
 10133 | Lair:1   | Reached skill level 10 in Maces & Flails
 11039 | Lair:2   | Found a frozen archway.
 11048 | IceCv    | Entered an ice cave
 11409 | IceCv    | Reached skill level 15 in Fighting
 11619 | IceCv    | Noticed a reaper
 11639 | IceCv    | Killed a reaper
 11784 | Lair:2   | Identified the +1 scale mail of the Orcish Mines {Rampage
                  | rElec Will-}
 12747 | Lair:2   | Found a staircase to the Shoals.
 12891 | Lair:3   | Found a hole to the Spider Nest.
 12933 | Lair:3   | Received a gift from Okawaru
 12938 | Lair:3   | Reached XP level 13. HP: 92/92 MP: 13/13
 13246 | Lair:3   | You fall into a shaft and drop 2 floors!
 13246 | Lair:5   | Entered Level 5 of the Lair of Beasts
 13247 | Lair:5   | yay!
 13277 | Lair:5   | Noticed a dire elephant
 13296 | Lair:5   | Killed a dire elephant
 13422 | Lair:5   | Noticed a dire elephant
 13427 | Lair:5   | Identified the +2 pair of boots of Okawaru's Castigation
                  | {Dex+3} (Okawaru gifted it to you on level 5 of the Lair of
                  | Beasts)
 13427 | Lair:5   | Received a gift from Okawaru
 13442 | Lair:5   | Killed a dire elephant
 13489 | Lair:5   | Noticed a dire elephant
 13503 | Lair:5   | Killed a dire elephant
 13504 | Lair:5   | Reached skill level 16 in Fighting
 13839 | Lair:5   | Identified the amulet "Fonwamm" {Reflect rPois rN+ Dex+2
                  | SH+5}
 13879 | Lair:5   | Found a staircase to the Slime Pits.
 13901 | Lair:5   | Found a viscous altar of Jiyva.
 14159 | Lair:5   | Gained mutation: Your large and strong wings let you fly.
                  | [Gargoyle growth]
 14159 | Lair:5   | Reached XP level 14. HP: 99/100 MP: 14/14
 14803 | Lair:4   | Identified the +1 cloak "Biecuud" {Will+ Int+3 Slay+3
                  | Stlth+} (Okawaru gifted it to you on level 4 of the Lair of
                  | Beasts)
 14803 | Lair:4   | Received a gift from Okawaru
 14878 | Lair:4   | Reached skill level 17 in Fighting
 16153 | Orc:1    | Entered Level 1 of the Orcish Mines
 16153 | Orc:1    | You are sucked into a shaft and drop 1 floor!
 16153 | Orc:2    | Entered Level 2 of the Orcish Mines
 16153 | Orc:2    | Found a staircase to the Elven Halls.
 16253 | Orc:2    | Found Jesuicit's General Store.
 16474 | Orc:1    | Reached XP level 15. HP: 95/107 MP: 15/15
 16549 | Orc:1    | Found Ytoxi's Armour Emporium.
 17198 | Orc:2    | Found Kegoosed's Book Boutique.
 17268 | Orc:2    | Noticed an orc warlord
 17284 | Orc:2    | Reached skill level 15 in Shields
 17349 | Orc:2    | Killed an orc warlord
 17350 | Orc:2    | Reached skill level 15 in Armour
 17419 | Orc:2    | Found Qoroasog's Antique Weapon Shoppe.
 17594 | Orc:2    | Found Ekkumiunn's Antique Armour Emporium.
 17602 | Orc:2    | Bought a pair of embroidered gloves for 217 gold pieces
 18930 | D:12     | You are sucked into a shaft and drop 1 floor!
 18931 | D:13     | yay!
 19065 | D:13     | Identified the +1 kite shield of Hizypp {rC- Regen+ Str+8
                  | Int-2} (Okawaru gifted it to you on level 13 of the
                  | Dungeon)
 19065 | D:13     | Received a gift from Okawaru
 19319 | D:12     | Reached skill level 18 in Fighting
 19814 | D:13     | Noticed Snorg
 19837 | D:13     | Killed Snorg
 20304 | D:14     | Found a white marble altar of Elyvilon.
 20495 | D:14     | Identified the +1 leather armour of the Sandy God {Will+}
 20662 | D:14     | Found a gate to the Vaults.
 20801 | D:15     | Entered Level 15 of the Dungeon
 20801 | D:15     | Found a viscous altar of Jiyva.
 20923 | D:15     | Reached XP level 16. HP: 115/115 MP: 16/16
 21028 | D:15     | Found a staircase to the Depths.
 21036 | D:15     | Received a gift from Okawaru
 21845 | Elf:1    | Entered Level 1 of the Elven Halls
 21998 | Elf:1    | Identified the +6 mace of the Fray {drain, rC+ Dex+3 SInv}
                  | (Okawaru gifted it to you on level 1 of the Elven Halls)
 21998 | Elf:1    | Received a gift from Okawaru
 22666 | Elf:1    | Paralysed by an air elemental for 1 turns
 22788 | Elf:1    | Noticed a Tzitzimitl
 22850 | Elf:1    | Reached skill level 15 in Maces & Flails
 22921 | Elf:1    | Got Ecukkoc's Collected Works on Striking
 23182 | Elf:2    | Found Zemaur's Jewellery Emporium.
 23191 | Elf:2    | Found Noth's Antique Weapon Shoppe.
 23214 | Elf:2    | Reached skill level 19 in Fighting
 23223 | Elf:2    | Paralysed by an air elemental for 1 turns
 23360 | Elf:2    | Received a gift from Okawaru
 23405 | Abyss:3  | Cast into level 3 of the Abyss (a deep elf sorcerer)
 23445 | Abyss:3  | Found a corrupted altar of Lugonu.
 23450 | Abyss:3  | Found a corrupted altar of Lugonu.
 23468 | Abyss:3  | Noticed a bone dragon
 23586 | Abyss:3  | Killed a bone dragon
 23686 | Abyss:3  | Noticed a tentacled starspawn
 23692 | Abyss:3  | Reached XP level 17. HP: 119/122 MP: 17/17
 23704 | Abyss:3  | Killed a tentacled starspawn
 23848 | Elf:2    | Escaped the Abyss
 24103 | Elf:2    | Noticed Roxanne
 24122 | Elf:2    | Killed Roxanne
 24280 | Elf:2    | Found a runed translucent gate.
 24280 | Elf:2    | Found a runed translucent gate.
 24280 | Elf:2    | Found a runed translucent gate.
 24598 | Elf:2    | Noticed a deep elf blademaster
 24627 | Elf:2    | Killed a deep elf blademaster
 24690 | Elf:2    | Identified the +0 pair of boots of the Sacrificial Victim
                  | {Str+4} (Okawaru gifted it to you on level 2 of the Elven
                  | Halls)
 24690 | Elf:2    | Received a gift from Okawaru
 24745 | Elf:2    | Identified the +6 tower shield "Risocute" {Harm Fly}
 24745 | Elf:2    | Noticed Louise
 24786 | Elf:2    | Killed Louise
 25353 | Elf:3    | Entered Level 3 of the Elven Halls
 25600 | Elf:3    | Reached skill level 20 in Fighting
 25676 | Elf:3    | Noticed a deep elf blademaster
 25689 | Elf:3    | Killed a deep elf blademaster
 25730 | Elf:3    | Identified the +0 eveningstar "Iqoited" {holy, Drain rN+
                  | Dex+3 Stlth+} (Okawaru gifted it to you on level 3 of the
                  | Elven Halls)
 25730 | Elf:3    | Received a gift from Okawaru
 25731 | Elf:3    | Reached XP level 18. HP: 129/129 MP: 18/18
 25971 | Elf:3    | Identified the +0 trident of the Equator {heavy, *Noise
                  | Str+4 Int+2}
 25975 | Elf:3    | Noticed a deep elf master archer
 26007 | Elf:3    | Killed a deep elf master archer
 26058 | Elf:3    | Identified the +6 battleaxe of Joyful Slaughter {freeze,
                  | rN+ MP+9 Int+2}
 26058 | Elf:3    | Identified the +1 leather armour "Edyumeoff" {Contam rF++
                  | rCorr Int+3}
 26061 | Elf:3    | Identified the +9 trident of Misarch {protect, +Blink rCorr
                  | Str+4}
 26300 | Elf:3    | Identified the amulet of Moxaopygi {Faith Will+}
 26306 | Elf:3    | Noticed a deep elf blademaster
 26308 | Elf:3    | Identified the ring "Inada" {Fire Int+3 Stlth+}
 26318 | Elf:3    | Noticed a deep elf master archer
 26318 | Elf:3    | Identified the +8 long sword "Jiqov" {flame, rN+ Dex+4}
 26326 | Elf:3    | Identified the ring "Etuc" {Fire rElec rN+ Int+3}
 26337 | Elf:3    | Noticed Bai Suzhen
 26384 | Elf:3    | Noticed an Ice Fiend
 26389 | Elf:2    | Killed a deep elf blademaster
 26389 | Elf:2    | Received a gift from Okawaru
 26516 | Elf:2    | Killed a deep elf master archer
 26582 | Elf:2    | Killed Bai Suzhen
 27163 | Spider:1 | Entered Level 1 of the Spider Nest
 27428 | Spider:1 | Identified the -2 pair of boots of the Hanged Man {rF+}
                  | (Okawaru gifted it to you on level 1 of the Spider Nest)
 27428 | Spider:1 | Received a gift from Okawaru
 27469 | Spider:1 | Noticed Azrael
 27483 | Spider:1 | Killed Azrael
 28390 | Spider:2 | Gained mutation: You have hidden genetic potential.
                  | [mutagenic glow]
 28404 | Spider:2 | Gained mutation: You occasionally lose the ability to drink
                  | potions when taking damage. [mutagenic glow]
 28440 | Spider:2 | Identified the +3 dagger of Drought {flame, *Rage +Blink
                  | rC+ MP+9}
 28914 | Spider:2 | Reached XP level 19. HP: 136/136 MP: 19/19
 29179 | Spider:2 | Received a gift from Okawaru
 29265 | Spider:3 | Noticed Arachne
 29291 | Spider:2 | Killed Arachne
 29293 | Spider:2 | Upgraded the game from 0.30-a0-715-gdb4ae3ece1 to
                  | 0.30-a0-718-geaa24f58ff
 29313 | Spider:2 | Reached skill level 21 in Fighting
 30247 | Spider:4 | Entered Level 4 of the Spider Nest
 30640 | Spider:4 | Identified the +7 trident of the Yoke {protect, rC- Str+5
                  | Int+2}
 31217 | Spider:4 | Received a gift from Okawaru
 31245 | Spider:4 | Gained mutation: You expend magic power (3 MP) to
                  | strengthen your wands. [hidden potential]
 31322 | Spider:4 | Got a gossamer rune of Zot
 31793 | Shoals:1 | Entered Level 1 of the Shoals
 31905 | Shoals:1 | HP: 4/138 [merfolk javelineer/silver javelin (13)]
 32146 | Shoals:1 | Received a gift from Okawaru
 32234 | Shoals:1 | Found Kunlaud's General Store.
 32431 | Shoals:1 | Identified the +2 quarterstaff "Sokafain" {speed, SInv}
 32703 | Shoals:2 | Learned a level 2 spell: Passwall
 32706 | Shoals:2 | Learned a level 2 spell: Blink
 32834 | Shoals:2 | Reached XP level 20. HP: 144/144 MP: 20/20
 33246 | Shoals:2 | Identified the +11 battleaxe "Weul" {holy, rPois rC- Str+2
                  | Dex+4}
 33609 | Shoals:2 | Found a runed translucent door.
 33614 | Shoals:2 | Noticed avis's ghost (journeyman DgHu)
 33810 | Shoals:2 | Killed avis's ghost
 33851 | Shoals:2 | Identified the +5 scale mail "Jaodus" {Drain rPois Str+9}
                  | (Okawaru gifted it to you on level 2 of the Shoals)
 33851 | Shoals:2 | Received a gift from Okawaru
 34509 | Shoals:3 | Identified the ring of Hoqothr Hyone {Drain Dex+6 Slay+4}
 34602 | Shoals:3 | Reached skill level 22 in Fighting
 34840 | Shoals:4 | Entered Level 4 of the Shoals
 35235 | Shoals:4 | Identified the ring "Jythoohe" {rElec AC+4 SInv}
 35372 | Shoals:4 | Gained mutation: You have sharp toenails. [hidden
                  | potential]
 35372 | Shoals:4 | Lost mutation: You have hidden genetic potential. [hidden
                  | potential expressed]
 35378 | Shoals:4 | Lost mutation: You occasionally lose the ability to drink
                  | potions when taking damage. [potion of mutation]
 35378 | Shoals:4 | Lost mutation: You have sharp toenails. [potion of
                  | mutation]
 35378 | Shoals:4 | Lost mutation: You expend magic power (3 MP) to strengthen
                  | your wands. [potion of mutation]
 35378 | Shoals:4 | Gained mutation: You have large cloven feet. [potion of
                  | mutation]
 35378 | Shoals:4 | Gained mutation: Your natural rate of healing is unusually
                  | fast. [potion of mutation]
 35626 | Shoals:4 | Got a barnacled rune of Zot
 36186 | Depths:1 | Entered Level 1 of the Depths
 36370 | Depths:1 | Identified the +0 pair of boots "Ymicw" {Will++ Int+2}
                  | (Okawaru gifted it to you on level 1 of the Depths)
 36370 | Depths:1 | Received a gift from Okawaru
 36514 | Depths:1 | Found a gateway to Hell.
 36630 | Depths:1 | Found a one-way gateway to a ziggurat.
 36696 | Depths:1 | Found a shimmering altar of Xom.
 36812 | Depths:1 | Reached XP level 21. HP: 143/152 MP: 21/21
 36997 | Depths:2 | HP: 5/152 [fire dragon (8)]
 37018 | Depths:2 | Found a one-way gate leading to the halls of Pandemonium.
 37164 | Depths:2 | Found a one-way gate to the infinite horrors of the Abyss.
 37232 | Depths:2 | Found a magical portal.
 37237 | WizLab   | Entered The Chambers of the Cloud Mage
 37382 | WizLab   | Paralysed by you for 3 turns
 37407 | WizLab   | Paralysed by an air elemental for 1 turns
 37414 | WizLab   | Paralysed by an air elemental for 1 turns
 37578 | WizLab   | Paralysed by an air elemental for 1 turns
 37649 | WizLab   | Noticed Itzeotiv
 37671 | WizLab   | Killed Itzeotiv the Cloud Mage
 37719 | WizLab   | Paralysed by you for 2 turns
 37736 | WizLab   | Got the Compilation of Inhalation
 38360 | Depths:2 | Identified the +1 scale mail "Wiwed" {Fly Will+ Str+4
                  | Dex+3} (Okawaru gifted it to you on level 2 of the Depths)
 38360 | Depths:2 | Received a gift from Okawaru
 38654 | Depths:3 | Reached skill level 23 in Fighting
 38891 | Depths:3 | Found a hazy altar of Hepliaklqana.
 39132 | Depths:3 | Found a runed translucent door.
 39150 | Depths:3 | Noticed Xtahua
 39163 | Depths:3 | Killed Xtahua
 39198 | Depths:3 | Noticed Mara
 39212 | Depths:3 | Killed Mara
 39473 | Depths:3 | Noticed Polaczum's ghost (adept TrMo)
 39510 | Depths:3 | Killed Polaczum's ghost
 39539 | Depths:4 | Entered Level 4 of the Depths
 39597 | Depths:4 | Received a gift from Okawaru
 39635 | Depths:3 | Reached XP level 22. HP: 160/160 MP: 22/22
 39674 | Depths:3 | Mangled by a white very ugly thing

Illustrated notes #### #.P+ #@.+ #..## #... ....+ #...## #...P ##... .... Turn 13247 on Lair:5: yay!

#.[#
###..
.....
....
#..#
#..#
#..#
#!@#
#..#
#..#
....
.....
###..##
#..#
#..#


Turn 18931 on D:13: yay!

Levels and vault maps discovered:
D:1:      matt_arrival_spirals, layout_loops_ring
D:2:      layout_basic, serial_corexii_hall, corexii_hall_statues_l,
          chequers_hall_statues_corner_a, serial_bayou_pond_c
D:3:      layout_basic, cheibrodos_sewer_entry_bend
D:4:      layout_basic, serial_rivers, chequers_serial_rivers_micro_d,
          chequers_serial_rivers_marsh, chequers_serial_rivers_large_a,
          chequers_serial_rivers_micro_b, chequers_serial_rivers_micro_d,
          serial_park_tiny_1, kennysheep_flooded_box
D:5:      layout_loops_ring, nicolae_dithmenos_the_darkroom,
          minmay_temple_entry_steel_oval
D:6:      layout_basic, grunt_temple_overflow_holy_war,
          mainiacjoe_overflow_brackets, grunt_temple_overflow_forces_of_nature,
          nicolae_ossuary_entry_giza, ebering_ghost_sewer_d, skrybe_limestone_x
D:7:      layout_cave_pools, grunt_temple_overflow_open
D:8:      layout_basic, nemelex_xobeh_ov_fountains_minmay
D:9:      layout_basic, mainiacjoe_overflow_six_doors_small,
          nicolae_overflow_crystal_walls, nicolae_ru_sacrificial_ziggurat,
          kennysheep_mini, nicolae_wu_jian_immortal_techniques, david_orc_5
D:10:     layout_loops_corners, erik_lair_island
D:11:     layout_layer_cave, roderic_three_in_a_row, nrook_mini_vaults
D:12:     layout_cave_pools, serial_column_ruins, column_ruins_grid_3,
          column_ruins_open_small, column_ruins_corridor_corner,
          column_ruins_columns_straight, column_ruins_grid_4,
          column_ruins_corridor_straight
D:13:     layout_small_grid, introduction_to_nature_2, uniq_snorg
D:14:     layout_cave_pools, david_vaults_2, elyvilon_altar_1
D:15:     gammafunk_depths_entry_grave, layout_rooms, jiyva_altar_1
Temple:   hellmonk_temple_flake
Lair:1:   layout_layer_cave, grunt_forest_small_clearings, beast_lair_carwin_10,
          uniq_fannar, uniq_erica, uniq_harold
Lair:2:   layout_layer_cave, minmay_shoals_entry_hut,
          portal_ice_cave_entry_pillars_2, guppyfry_lair_drakes,
          serial_bayou_shore_a, lemuel_fruit_tree
Lair:3:   layout_loops_ring, nicolae_spider_entry_lesser_pyramids,
          ldierk_geyser, chequers_serial_rivers_micro_e,
          infiniplex_staircase_pool, grunt_megastairs_3
Lair:4:   layout_roguey, minmay_lair_oklob_items
Lair:5:   due_jungle_book, layout_cave_shapes, nicolae_slime_entry_field_trip,
          eino_small_chamber_without_monster, st_stairs_5
Shoals:1: layout_shoals, serial_shops, nicolae_shop_window_shopping,
          nicolae_shoals_mertower
Shoals:2: layout_shoals, gammafunk_ghost_grave
Shoals:3: layout_shoals
Shoals:4: shoals_end_grunt_garden, layout_shoals
Spider:1: layout_chambers, drop_trap, uniq_azrael
Spider:2: layout_spider_delve, special_room [special_room_bee]
Spider:3: layout_cave_pods, uniq_arachne
Spider:4: spider_rune_water, spiders_nest_ghost_moth_duel
Orc:1:    layout_caves, serial_shops, shop
Orc:2:    grunt_orc_gardens, layout_caves, grunt_orc_garden, grunt_orc_garden,
          grunt_orc_garden, grunt_orc_garden, nicolae_orc_stony_grotto,
          minmay_orc_temple_b
Elf:1:    elf_arrival_001, layout_geoelf_grid, minmay_elf_annihilation
Elf:2:    elven_hall_of_blades_hangedman_original [grunt_blade_entry_basic],
          layout_loops_corners, minmay_shoptagon, uniq_louise, uniq_roxanne
Elf:3:    grunt_elf_hall_branching, layout_rooms, uniq_bai_suzhen
Depths:1: layout_gridville, enter_ziggurat_c, nicolae_kite_square_tiling_tiny,
          hell_entry, led_xom_imps
Depths:2: kennysheep_cluttered_fort, layout_small_grid, abyss_entry_crystal,
          infiniplex_enter_wizlab_spiral, minmay_door_square,
          pf_dread_powers_of_hell, pan_entry, infiniplex_staircase_spiral
Depths:3: nzn_winding_woodlands_medium [nzn_winding_woodlands_5x5_cross,
          nzn_winding_woodlands_5x15_sawtooth, nzn_winding_woodlands_5x5_three,
          nzn_winding_woodlands_5x5_default,
          nzn_winding_woodlands_center_triple_pond,
          nzn_winding_woodlands_hourglass, nzn_winding_woodlands_5x5_open_star,
          nzn_winding_woodlands_5x15_lazy_stream,
          nzn_winding_woodlands_5x5_checkerboard], layout_cave_pools,
          nicolae_hepliaklqana_hippocampus, grunt_hell_entry_dis_old,
          ebering_ghost_reflecting_pool, abyss_entry, uniq_xtahua, uniq_mara
Depths:4: lemuel_castle_with_subvaults [lemuel_castle_interior_carwin_1],
          layout_twisted_cross, hangedman_tar_grid_catacomb,
          marbit_kobold_abyss_entry, nicolae_trove_entry_crystal,
          minmay_misc_feat_room, vehumet_crystals, minmay_shop_star

Skill      XL: |  1  2  3  4  5  6  7  8  9 10 11 12 13 14 15 16 17 18 19 20 21 |
---------------+----------------------------------------------------------------+-----
Fighting       | 4 5 6 7 9 11 12 14 15 16 17 18 19 20 21 22 23 | 23.3
Shields        | 4 5 7 8 9 10 12 13 14 15 16 17 18 19 20 21 | 21.6
Armour         | 4 5 7 8 9 10 12 13 14 15 16 17 18 19 20 21 | 21.5
Maces & Flails | 3 4 6 7 8 9 11 12 13 14 15 16 17 18 19 | 19.9

Action                     |  1- 3 |  4- 6 |  7- 9 | 10-12 | 13-15 | 16-18 | 19-21 | 22-24 || total
---------------------------+-------+-------+-------+-------+-------+-------+-------+-------++-------
  Melee: Flail             |   120 |     4 |       |       |       |       |       |       ||   124
         Morningstar       |       |   220 |   311 |   883 |  1599 |   226 |       |       ||  3239
         Eveningstar       |       |       |       |       |       |  1286 |  1949 |    24 ||  3259
  Throw: Dart              |       |       |     3 |     1 |     1 |       |       |       ||     5
 Invoke: Heroism           |       |       |     2 |     8 |    13 |    26 |    10 |     1 ||    60
  Evoke: Wand              |       |       |       |       |       |       |     1 |       ||     1
    Use: Scroll            |    13 |     2 |    10 |     8 |     3 |     9 |     4 |       ||    49
         Potion            |       |       |       |       |       |     9 |    11 |     2 ||    22
   Stab: Distracted        |       |       |       |       |       |     1 |       |       ||     1
         Paralysed         |       |       |       |       |       |       |     1 |       ||     1
 Armour: Scale mail        |    53 |       |       |       |       |       |       |       ||    53
         Chain mail        |    16 |   147 |   223 |   371 |       |       |       |       ||   757
         Crystal plate arm |       |       |       |   462 |  1919 |  1410 |  1700 |    53 ||  5544
  Dodge: Dodged            |    45 |    68 |   116 |   265 |   396 |   317 |   391 |    16 ||  1614
  Block: Buckler           |    19 |    38 |    88 |   101 |       |       |       |       ||   246
         Kite shield       |       |       |       |   379 |  1733 |  1280 |  1542 |    45 ||  4979

Table legend: (Time is in decaauts)
 A = Elapsed time spent in this place.
 B = Non-inter-level travel time spent in this place.
 C = Inter-level travel time spent in this place.
 D = Time resting spent in this place.
 E = Time spent auto-exploring this place.
 F = Levels seen in this place.
 G = Mean time per level.
                   A        B        C        D        E       F      G
               +--------+--------+--------+--------+--------+-----+--------+
         Total |  39262 |  36767 |   2495 |   2714 |  20771 |  43 |  913.1 |
       Dungeon |  13269 |  11939 |   1330 |    303 |   8307 |  15 |  884.6 |
        Temple |    165 |    144 |     21 |      0 |    136 |   1 |  165.0 |
          Lair |   6192 |   5861 |    331 |    249 |   3739 |   5 | 1238.4 |
        Shoals |   4030 |   3866 |    164 |    627 |   1608 |   4 | 1007.5 |
   Spider Nest |   4393 |   4204 |    189 |    177 |   2603 |   4 | 1098.2 |
  Orcish Mines |   1762 |   1533 |    229 |     67 |    714 |   2 |  881.0 |
   Elven Halls |   4230 |   4060 |    170 |    658 |   1601 |   3 | 1410.0 |
        Depths |   2735 |   2677 |     58 |     73 |   1523 |   4 |  683.8 |
         Abyss |    421 |    421 |      0 |    173 |      0 |   1 |  421.0 |
         Sewer |    627 |    627 |      0 |    100 |    180 |   1 |  627.0 |
       Ossuary |    234 |    234 |      0 |      0 |    105 |   1 |  234.0 |
      Ice Cave |    715 |    715 |      0 |    226 |    197 |   1 |  715.0 |
        Wizlab |    484 |    484 |      0 |     59 |     57 |   1 |  484.0 |
               +--------+--------+--------+--------+--------+-----+--------+

Top non-repeatable levels by time:
   Elf:2: 1893 daAuts
  Lair:1: 1723 daAuts
  Lair:5: 1408 daAuts
   Elf:3: 1263 daAuts
     D:9: 1252 daAuts
Spider:4: 1251 daAuts
  Lair:2: 1232 daAuts
Spider:1: 1207 daAuts
    D:11: 1186 daAuts
Shoals:2: 1184 daAuts
    D:10: 1115 daAuts
     D:6: 1101 daAuts
Spider:3: 1073 daAuts
   Elf:1: 1073 daAuts
   Orc:2: 1020 daAuts
